 Dungeon Crawl Stone Soup version 0.30.1-3-gfc49f6343a (webtiles) character file.

Game seed: 3799892723761362952

1054 sapphirevixen the Trooper (level 8, -18/51 HPs)
             Began as a Gargoyle Berserker on July 22, 2023.
             Was a Believer of Trog.
             Demolished by an orc warrior
             ... wielding a +2 flail of protection
              (24 damage)
             ... on level 6 of the Dungeon.
             The game lasted 00:08:32 (4472 turns).

sapphirevixen the Trooper (Gargoyle Berserker)      Turns: 4472, Time: 00:08:32

Health: -18/51     AC: 17    Str: 20    XL:     8   Next: 26%
Magic:  8/8        EV:  9    Int: 18    God:    Trog [**....]
Gold:   324        SH:  3    Dex: 11    Spells: 7/7 levels left

rFire   . . .        y - +0 flail
rCold   . . .        i - +0 buckler
rNeg    + . .        o - +0 chain mail
rPois   ∞            e - +1 hat {Int+3}
rElec   +            (no cloak)
rCorr   .            g - +0 pair of gloves
SInv    .            (no boots)
Will    .....        (no amulet) Stlth
                     j - ring of flight
HPRegen 0.28/turn    n - +6 ring of intelligence
MPRegen 0.11/turn

%: no passive effects
@: flying
A: sickness immunity, AC +5, negative energy resistance 1, electricity
resistance, torment resistance 1, petrification resistance
a: Renounce Religion, Berserk, Trog's Hand


You were on level 6 of the Dungeon.
You worshipped Trog.
Trog was pleased with you.
You visited 1 branch of the dungeon, and saw 6 of its levels.

You collected 324 gold pieces.

Inventory:

Hand Weapons
 y - a +0 flail (weapon)
Armour
 e - a +1 hat of intelligence (worn)
 g - a +0 pair of gloves (worn)
 i - a +0 buckler (worn)
 o - a +0 chain mail (worn)
Jewellery
 j - a ring of flight (left hand)
 n - a +6 ring of intelligence (right hand)
Wands
 a - a wand of light (5)
 f - a wand of roots (21)
 m - a wand of flame (8)
 u - a wand of charming (9)
Scrolls
 b - 4 scrolls of teleportation
 k - 2 scrolls of immolation
 l - 2 scrolls of magic mapping
 p - 2 scrolls of brand weapon
 q - 2 scrolls of fog {unknown}
 v - a scroll of identify
 w - a scroll of vulnerability {unknown}
Potions
 c - a potion of curing {unknown}
 d - a potion of brilliance
 h - 4 potions of flight
 r - a potion of degeneration {unknown}
 s - a potion of invisibility {unknown}
 x - a potion of lignification {unknown}


   Skills:
 + Level 6.0 Fighting
 + Level 5.5 Maces & Flails
 + Level 5.5 Armour
 + Level 4.2 Dodging


You had 7 spell levels left.
You didn't know any spells.
Your spell library was empty.

Dungeon Overview and Level Annotations

Branches:
Dungeon (6/15)             Temple (0/1) D:4

Altars:
Ashenzari
Zin


Innate Abilities, Weirdness & Mutations

You are immune to sickness and miasma.
Your stone body is resilient. (AC +5)
You are immune to poison.
You resist negative energy. (rN+)
You are resistant to electric shocks. (rElec)
You are resistant to unholy torment.
You are immune to petrification.


Message History

Beogh smites you! The white imp gestures at you. The puff of frost hits you!
An orc comes into view. It is wielding a +0 hand axe.
Something tries to affect you, but you resist.
The white imp gestures at you. The puff of frost hits you.
The orc priest invokes the aid of Beogh against you.
Beogh smites you!
* * * LOW HITPOINT WARNING * * *
The orc priest invokes the aid of Beogh against you.
Beogh smites you!
* * * LOW HITPOINT WARNING * * *
The white imp grinds its teeth.
An orc wizard appears from thin air!
Reactivating autopickup.
You feel much better.
The orc warrior drinks a potion.
The orc warrior goes berserk!
A kobold comes into view. It is wielding a +0 dagger.
A kobold comes into view. It is wielding a +0 club.
The kobold shouts!
The orc warrior attacks as you move away!
The orc warrior hits you with a +2 flail of protection!
* * * LOW HITPOINT WARNING * * *
The kobold throws a stone.
The stone completely misses you.
The stone barely misses the orc warrior.
The orc priest miscasts a cantrip.
The orc warrior attacks as you move away!
The orc warrior completely misses you.
The orc warrior hits you with a +2 flail of protection.
* * * LOW HITPOINT WARNING * * *
The kobold hits you but does no damage.
The orc warrior hits you with a +2 flail of protection.
* * * LOW HITPOINT WARNING * * *
The kobold completely misses you. The orc warrior barely misses you.
The kobold hits you but does no damage.
There is an escape hatch in the ceiling here.
The orc warrior hits you with a +2 flail of protection!!
You die...

#..#⌠.##+##.⌠#....#.#.#.##.##....
.............#....#.#.#.##.# #..
#####........####.#.#.#.##.####o#
#...#.......#................5.oo
+...'..._...+...#.#.#.#.##.####.#
#...#.......#...#[.....o.#.####..
.####........####.#.........)..o.
#.........#...K....##.#.......
#⌠.#.+##.⌠#..@oK...##.#.#.....
####...#.##..###.5..o....o...#
#...#......................
#...#..#######.########....
#####...........# #.#.#
......####.#.# #.#.#
##............#######.#..
#.########.............. #.
#.........


You could see an orc warrior (berserk), an orc priest, an orc wizard, a white
imp and 2 kobolds.

Vanquished Creatures
  An ice beast (D:6)
  An ogre (D:6)
  2 centaurs (D:5)
  A phantom (D:6)
  2 scorpions
  2 wights (D:6)
  A howler monkey (D:5)
  2 jellies
  A gnoll bouda (D:5)
  A hound (D:6)
  4 iguanas
  A gnoll (D:5)
  10 adders
  A white imp (D:5)
  An ufetubus (D:5)
  A worm (D:2)
  3 dart slugs
  3 orcs
  A bat (D:3)
  4 endoplasms
  A giant cockroach (D:4)
  2 hobgoblins
  6 jackals
  12 kobolds
  4 quokkas
  10 ball pythons
  3 frilled lizards
  4 rats
85 creatures vanquished.

Notes
Turn   | Place    | Note
-------+----------+-------------------------------------------
     0 | D:1      | sapphirevixen the Gargoyle Berserker began the quest for
                  | the Orb.
     0 | D:1      | Reached XP level 1. HP: 14/14 MP: 1/1
   288 | D:1      | Found a faded altar of an unknown god.
   303 | D:1      | Reached XP level 2. HP: 19/19 MP: 2/2
   914 | D:2      | Reached XP level 3. HP: 21/23 MP: 3/3
  1491 | D:3      | Reached XP level 4. HP: 26/29 MP: 4/4
  1550 | D:3      | Reached skill level 4 in Fighting
  1786 | D:3      | Reached ** piety under Trog
  1995 | D:4      | Found a staircase to the Ecumenical Temple.
  2238 | D:4      | Noticed a scorpion
  2258 | D:4      | Killed a scorpion
  2259 | D:4      | Reached XP level 5. HP: 16/34 MP: 5/5
  2704 | D:5      | Entered Level 5 of the Dungeon
  2872 | D:5      | Noticed a centaur
  2883 | D:5      | Reached XP level 6. HP: 39/39 MP: 6/6
  3224 | D:5      | Reached skill level 5 in Fighting
  3224 | D:5      | Reached XP level 7. HP: 41/44 MP: 7/7
  3494 | D:5      | Found a glowing silver altar of Zin.
  3963 | D:6      | Reached skill level 5 in Maces & Flails
  4060 | D:6      | Reached skill level 5 in Armour
  4072 | D:6      | Found a broken altar of Ashenzari.
  4163 | D:6      | Reached XP level 8. HP: 30/51 MP: 8/8
  4344 | D:6      | Reached skill level 6 in Fighting
  4472 | D:6      | Demolished by an orc warrior

Illustrated notes

Levels and vault maps discovered:
D:1:      lightli_arrival_chessboard, layout_loops_ring, basic_ecumenical_altar
D:2:      layout_loops_ring, st_stairs_6
D:3:      minmay_angry_zag, layout_rooms
D:4:      layout_loops_ring, minmay_temple_entry_glassed_door
D:5:      layout_gridville, mainiacjoe_overflow_catwalk,
          minmay_fractal_squares_gapless_5
D:6:      layout_basic, evilmike_ruin_ashenzari

Skill      XL: |  1  2  3  4  5  6  7  8 |
---------------+-------------------------+-----
Dodging        | 2 3 4 |  4.2
Armour         | 3 4 5 |  5.5
Fighting       | 4 5 6 |  6.0
Maces & Flails | 4 5 |  5.5

Action                     |  1- 3 |  4- 6 |  7- 9 || total
---------------------------+-------+-------+-------++-------
  Melee: Mace              |   122 |   149 |    61 ||   332
         Flail             |       |       |    60 ||    60
 Invoke: Berserk           |       |     1 |       ||     1
         Trog's Hand       |       |       |     1 ||     1
    Use: Scroll            |     2 |     4 |       ||     6
         Potion            |       |       |     3 ||     3
 Armour: Leather armour    |     7 |       |       ||     7
         Animal skin       |     1 |       |       ||     1
         Ring mail         |    60 |    29 |       ||    89
         Chain mail        |       |    72 |    90 ||   162
  Dodge: Dodged            |    89 |    75 |    62 ||   226
  Block: Buckler           |       |    13 |    21 ||    34
